 Dungeon Crawl Stone Soup version 0.31-a0-995-g04711c9635 (webtiles) character file.

Game seed: 13713039754458630397

716 IndexError the Trooper (level 8, -3/62 HPs)
             Began as a Djinni Conjurer on Nov 6, 2023.
             Was a Priest of Fedhas.
             Slain by an orc priest
             ... wielding a +0 hand axe
              (6 damage)
             ... on level 5 of the Dungeon.
             The game lasted 00:05:17 (4026 turns).

IndexError the Trooper (Djinni Conjurer)            Turns: 4026, Time: 00:05:18

Health: -3/62      AC:  4    Str:  6    XL:     8   Next: 1%
Gold:   181        EV: 17    Int: 22    God:    Fedhas [***...] SH:  0 Dex: 12

rFire   + + .        z - +2 dagger (venom)
rCold   x . .        (no shield)
rNeg    . . .        a - +0 robe
rPois   ∞            (no helmet)
rElec   .            r - +0 cloak
rCorr   .            g - +0 pair of gloves
SInv    .            (boots unavailable)
Will    .....        y - amulet of the acrobat
Stlth   ++           x - +5 ring of evasion
HPRegen 0.30/turn    (no ring)
MPRegen 0.00/turn

%: acrobat, infuse magic (-4 HP)
@: flying, very slightly contaminated
A: sickness immunity, fire resistance 2, cold vulnerability 1, float, innate
caster, HP casting, extra vitality 1
a: Renounce Religion, Wall of Briars, Grow Ballistomycete


You were on level 5 of the Dungeon.
You worshipped Fedhas.
Fedhas was most pleased with you.
You visited 1 branch of the dungeon, and saw 5 of its levels.

You collected 181 gold pieces.

Inventory:

Hand Weapons
 z - a +2 dagger of venom (weapon)
   (You took it off a kobold on level 3 of the Dungeon)
Missiles
 w - 3 atropa-tipped darts
Armour
 a - a +0 robe (worn)
 d - a +0 buckler
   (You found it on level 1 of the Dungeon)
 g - a +0 pair of gloves (worn)
   (You found it on level 1 of the Dungeon)
 r - a +0 cloak (worn)
   (You found it on level 2 of the Dungeon)
Jewellery
 x - a +5 ring of evasion (left hand)
   (You found it on level 2 of the Dungeon)
 y - an amulet of the acrobat (around neck)
   (You found it on level 3 of the Dungeon)
Scrolls
 b - 3 scrolls of vulnerability {unknown}
 c - 3 scrolls of fog {unknown}
 e - 3 scrolls of teleportation {unknown}
 i - a scroll of immolation {unknown}
 l - a scroll of butterflies {unknown}
 u - 2 scrolls of enchant weapon {unknown}
 v - 5 scrolls of identify {unknown}
 A - a scroll of revelation {unknown}
Potions
 f - 2 potions of mutation {unknown}
 h - a potion of ambrosia {unknown}
 j - a potion of attraction {unknown}
 k - 2 potions of might {unknown}
 m - 2 potions of degeneration {unknown}
 n - 2 potions of curing {unknown}
 o - a potion of invisibility {unknown}
 p - a potion of cancellation {unknown}
 q - a potion of berserk rage {unknown}
 s - a potion of magic {unknown}
 t - a potion of heal wounds {unknown}


   Skills:
 * Level 6.9 Fighting
 - Level 2.1 Dodging
 - Level 1.5 Stealth
 + Level 4.6 Spellcasting
 + Level 4.6 Conjurations
 + Level 4.6 Hexes
   Level 0.0 Charms
 + Level 4.6 Summonings
 + Level 4.6 Necromancy
 + Level 4.6 Translocations
 + Level 4.6 Transmutations
 + Level 4.6 Fire Magic
 + Level 4.6 Ice Magic
 + Level 4.6 Air Magic
 + Level 4.6 Earth Magic
 + Level 4.6 Poison Magic


You knew the following spells:

 Your Spells              Type           Power      Damage    Failure   Level
a - Magic Dart            Conj           100%       1d8       1%          1
b - Searing Ray           Conj           50%        2d6       2%          2
c - Dazzling Flash        Conj/Hex       50%        N/A       4%          3
d - Fulminant Prism       Conj/Hex       12%        3d9       16%         4
e - Sting                 Tmut/Pois      100%       1d8       1%          1
f - Momentum Strike       Conj/Tloc      50%        3d9       2%          2
g - Volatile Blastmotes   Fire/Tloc      50%        2d14      4%          3
x - Iskenderun's Mystic   Conj/Tloc      25%        2d7       16%         4
Your spell library was empty.

Dungeon Overview and Level Annotations

Branches:
Dungeon (5/15)             Temple (0/1) D:4

Altars:
Fedhas
Qazlal

Shops:
D:2 *


Innate Abilities, Weirdness & Mutations

You are immune to sickness and miasma.
You are immune to poison.
Your flesh is very heat resistant. (rF++)
You are vulnerable to cold. (rC-)
You float through the air rather than walking.
You learn spells naturally, not from books.
Your magical power is your life essence.
You have superior vitality. (+4 MHP)


Message History

Fedhas protects your plant from harm. x2 (Press . to maintain the ray.)
The scorpion stings the plant.
The plant is poisoned.
The scorpion poisons the plant!
The scorpion stings the plant.
You take 1 damage, and have 53/62 hp.
Fedhas protects your plant from harm.
The searing ray misses the scorpion.
Fedhas protects your plant from harm. x2
The scorpion stings the plant.
You take 1 damage, and have 52/62 hp.
Fedhas protects your plant from harm.
The searing ray hits the scorpion but does no damage.
Fedhas protects your plant from harm. x2
A nearby plant withers and dies.
The phantom completely misses you.
You take 1 damage, and have 51/62 hp.
Fedhas protects your plant from harm.
The searing ray misses the scorpion.
Fedhas protects your plant from harm. x2
You finish channelling your searing ray.
The phantom completely misses you.
The scorpion stings the plant.
The plant begins to die.
You take 1 damage, and have 50/62 hp.
Casting: Searing Ray (safe; 2% risk of failure)
Confirm with . or Enter, or press ? or * to list all spells.
Aiming: Searing Ray (safe; 2% risk of failure)
Press: ? - help, Shift-Dir - straight line, f/p - scorpion
Aim: a scorpion (moderately wounded, 79% to hit)
Fedhas protects your plant from harm.
The searing ray hits the scorpion.
Fedhas protects your plant from harm. x2 (Press . to maintain the ray.)
The phantom hits you.
The phantom blinks!
You blink.
Found a stone staircase leading down.
The scorpion splashes around in the water.
You take 5 damage, and have 45/62 hp.
The phantom completely misses you.
The scorpion stings the plant.
Casting: Searing Ray (safe; 2% risk of failure)
Confirm with . or Enter, or press ? or * to list all spells.
Aiming: Searing Ray (safe; 2% risk of failure)
Press: ? - help, Shift-Dir - straight line, f - phantom, p - scorpion
Aim: a phantom (71% to hit)
The searing ray hits the phantom. (Press . to maintain the ray.)
The scorpion stings the plant.
The plant begins to die.
The phantom hits you.
The phantom blinks!
You blink.
You take 5 damage, and have 40/62 hp.
The phantom completely misses you.
Casting: Searing Ray (safe; 2% risk of failure)
Confirm with . or Enter, or press ? or * to list all spells.
Aiming: Searing Ray (safe; 2% risk of failure)
Press: ? - help, Shift-Dir - straight line, f/p - phantom
Aim: a phantom (lightly damaged, 71% to hit)
The searing ray hits the phantom. (Press . to maintain the ray.)
You hear a shout!
The phantom hits you.
The phantom blinks!
You blink.
A scorpion and an iguana come into view.
You hear a shout!
You take 7 damage, and have 34/62 hp.
The scorpion attacks as it pursues you! The scorpion completely misses you.
The phantom completely misses you.
An orc priest comes into view. It is wielding a +0 hand axe.
Casting: Searing Ray (safe; 2% risk of failure)
Confirm with . or Enter, or press ? or * to list all spells.
You erupt in a blast of force!
The mystic blast hits the phantom!
The phantom is knocked back by the mystic blast.
The mystic blast hits the scorpion!
The scorpion is knocked back by the mystic blast.
You hear a shout!
You hear an angry hiss.
You take 3 damage, and have 31/62 hp.
The phantom closely misses you.
Casting: Iskenderun's Mystic Blast (dangerous; 16% risk of failure)
Confirm with . or Enter, or press ? or * to list all spells.
You erupt in a blast of force!
The mystic blast hits the phantom!
The phantom is knocked back by the mystic blast.
The mystic blast hits the orc priest!
The orc priest is knocked back by the mystic blast.
You hear a shout!
An orc wizard comes into view. It is wielding a +0 dagger.
The phantom hits you.
The orc priest invokes the aid of Beogh against you.
Beogh smites you!
* * * LOW HITPOINT WARNING * * *
You take 20 damage, and have 11/62 hp.
MASSIVE DAMAGE!!
An orc comes into view. It is wielding a +0 club.
The orc wizard casts a spell at you. The magic dart hits you.
* * * LOW HITPOINT WARNING * * *
An orc comes into view. It is wielding a +0 short sword.
Casting: Iskenderun's Mystic Blast (dangerous; 16% risk of failure)
Confirm with . or Enter, or press ? or * to list all spells.
You miscast Iskenderun's Mystic Blast.
You are very lightly contaminated with residual magic.
Nothing appears to happen.
* * * LOW HITPOINT WARNING * * *
The orc wizard barely misses you. The phantom closely misses you.
The orc priest hits you with a +0 hand axe.
You die...
Fedhas appreciates your contribution to the ecosystem.

####.### ......## #.
#~PP#.#. #. ####..~.... #.
## ....P~~.... .. .# ##
.<..P~♣...# #o ####.##...
.)..~~PP#.#####.##.........
...~~≈~~......oo##.#.......
.~P~~≈P........o@W.....).#
~~PP♣~P~.........s.#....#!.
PPP~~♣P~#.####..####....#
♣P♣≈♣~P.#.# #..# .##.#
~♣♣≈§~..#.# #..# .# #
≈♣♣♣PP/.#># #..# .#
≈≈~~sP..#.# #... l#
~~~PPP.... #.# ##
P~PPP#..###


You could see a phantom, a scorpion, an orc priest, an orc wizard and 2 orcs.

Vanquished Creatures
  An ogre (D:4)
  3 scorpions
  A howler monkey (D:4)
  A jelly (D:4)
  2 orc priests
  An iguana (D:5)
  5 orc wizards
  4 gnolls
  4 adders
  3 worms
  A dart slug (D:4)
  11 orcs
  7 bats
  7 endoplasms
  A giant cockroach (D:2)
  6 hobgoblins
  4 jackals
  2 quokkas
  4 ball pythons
  3 frilled lizards
  7 goblins
  13 kobolds
  3 rats (D:3)
94 creatures vanquished.

Notes
Turn   | Place    | Note
-------+----------+-------------------------------------------
     0 | D:1      | IndexError the Djinni Conjurer began the quest for the Orb.
     0 | D:1      | IndexError set off with the following spells memorised:
                  | Magic Dart, Searing Ray, Dazzling Flash, Fulminant Prism,
                  | Iskenderun's Mystic Blast.
     0 | D:1      | Reached XP level 1. HP: 15/15 MP: 0/0
   160 | D:1      | Reached skill level 1 in Fighting
   160 | D:1      | Reached XP level 2. HP: 19/22 MP: 0/0
   474 | D:1      | Reached XP level 3. HP: 26/28 MP: 0/0
   474 | D:1      | Learned a level 1 spell: Sting
   485 | D:1      | Reached skill level 2 in Fighting
   550 | D:1      | Found a faded altar of an unknown god.
   582 | D:1      | Prayed at the altar of an unknown god.
   582 | D:1      | Became a worshipper of Fedhas Madash
   582 | D:1      | Reached * piety under Fedhas
   840 | D:2      | Found Huriekk's General Store.
  1588 | D:2      | Reached XP level 4. HP: 29/34 MP: 0/0
  1856 | D:3      | Reached ** piety under Fedhas
  1973 | D:3      | Found a stormy altar of Qazlal.
  2051 | D:3      | Reached skill level 3 in Fighting
  2257 | D:3      | Reached XP level 5. HP: 38/40 MP: 0/0
  2257 | D:3      | Learned a level 2 spell: Momentum Strike
  2272 | D:3      | Reached skill level 4 in Fighting
  2357 | D:2      | Reached skill level 4 in Spellcasting
  2357 | D:2      | Reached skill level 4 in Conjurations
  2357 | D:2      | Reached skill level 4 in Hexes
  2357 | D:2      | Reached skill level 4 in Summonings
  2357 | D:2      | Reached skill level 4 in Necromancy
  2357 | D:2      | Reached skill level 4 in Translocations
  2357 | D:2      | Reached skill level 4 in Transmutations
  2357 | D:2      | Reached skill level 4 in Fire Magic
  2357 | D:2      | Reached skill level 4 in Ice Magic
  2357 | D:2      | Reached skill level 4 in Air Magic
  2357 | D:2      | Reached skill level 4 in Earth Magic
  2357 | D:2      | Reached skill level 4 in Poison Magic
  2423 | D:3      | Reached XP level 6. HP: 44/48 MP: 0/0
  2828 | D:4      | Reached skill level 5 in Fighting
  2905 | D:4      | Found a staircase to the Ecumenical Temple.
  3009 | D:4      | Noticed an ogre
  3016 | D:4      | Killed an ogre
  3017 | D:4      | Reached XP level 7. HP: 47/55 MP: 0/0
  3017 | D:4      | Learned a level 3 spell: Volatile Blastmotes
  3147 | D:4      | Reached skill level 6 in Fighting
  3294 | D:4      | Reached *** piety under Fedhas
  3879 | D:5      | Entered Level 5 of the Dungeon
  4012 | D:5      | Reached XP level 8. HP: 54/62 MP: 0/0
  4024 | D:5      | HP: 11/62 [orc priest/divine providence (14)]
  4026 | D:5      | Slain by an orc priest

Illustrated notes

Levels and vault maps discovered:
D:1:      enne_arrival_octagon_isle, layout_basic,
          dreamdust_ecumenical_altar_angels_and_demons
D:2:      layout_basic, serial_shops, shop_fountains, chequers_arboretum
D:3:      layout_basic, nicolae_qazlal_eye_of_the_storm
D:4:      layout_cave_pods, mainiacjoe_overflow_cross_hatched,
          minmay_temple_entry_glass
D:5:      layout_loops_ring, serial_bayou_lagoon_a, kennysheep_another_room

Skill      XL: |  1  2  3  4  5  6  7 |
---------------+----------------------+-----
Fighting       | 1 2 3 4 5 6 |  6.9
Spellcasting   | 4 |  4.6
Conjurations   | 4 |  4.6
Hexes          | 4 |  4.6
Summonings     | 4 |  4.6
Necromancy     | 4 |  4.6
Translocations | 4 |  4.6
Transmutations | 4 |  4.6
Fire Magic     | 4 |  4.6
Ice Magic      | 4 |  4.6
Air Magic      | 4 |  4.6
Earth Magic    | 4 |  4.6
Poison Magic   | 4 |  4.6
Dodging        | |  2.1
Stealth        | |  1.5

Action                     |  1- 3 |  4- 6 |  7- 9 || total
---------------------------+-------+-------+-------++-------
  Melee: Dagger            |       |       |     1 ||     1
   Cast: Magic Dart        |    83 |    77 |    36 ||   196
         Searing Ray       |     2 |    11 |    12 ||    25
         Iskenderun's Myst |       |     1 |     2 ||     3
 Armour: Robe              |     5 |     9 |    12 ||    26
  Dodge: Dodged            |     9 |    16 |    37 ||    62
  Block: Buckler           |     1 |       |       ||     1

Table legend: (Time is in decaauts)
 A = Elapsed time spent in this place.
 B = Non-inter-level travel time spent in this place.
 C = Inter-level travel time spent in this place.
 D = Time resting spent in this place.
 E = Time spent auto-exploring this place.
 F = Levels seen in this place.
 G = Mean time per level.
                   A        B        C        D        E       F      G
               +--------+--------+--------+--------+--------+-----+--------+
         Total |   4032 |   3683 |    349 |      2 |   3125 |   5 |  806.4 |
       Dungeon |   4032 |   3683 |    349 |      2 |   3125 |   5 |  806.4 |
               +--------+--------+--------+--------+--------+-----+--------+

Top non-repeatable levels by time:
     D:4: 1205 daAuts
     D:2: 1194 daAuts
     D:3: 836 daAuts
     D:1: 741 daAuts
     D:5: 55 daAuts

Levels and vault maps discovered:
D:1:      enne_arrival_octagon_isle, layout_basic,
          dreamdust_ecumenical_altar_angels_and_demons
D:2:      layout_basic, serial_shops, shop_fountains, chequers_arboretum
D:3:      layout_basic, nicolae_qazlal_eye_of_the_storm
D:4:      layout_cave_pods, mainiacjoe_overflow_cross_hatched,
          minmay_temple_entry_glass
D:5:      layout_loops_ring, serial_bayou_lagoon_a, kennysheep_another_room

Table legend: (Time is in decaauts)
 A = Elapsed time spent in this place.
 B = Non-inter-level travel time spent in this place.
 C = Inter-level travel time spent in this place.
 D = Time resting spent in this place.
 E = Time spent auto-exploring this place.
 F = Levels seen in this place.
 G = Mean time per level.
                   A        B        C        D        E       F      G
               +--------+--------+--------+--------+--------+-----+--------+
         Total |   4032 |   3683 |    349 |      2 |   3125 |   5 |  806.4 |
       Dungeon |   4032 |   3683 |    349 |      2 |   3125 |   5 |  806.4 |
               +--------+--------+--------+--------+--------+-----+--------+

Top non-repeatable levels by time:
     D:4: 1205 daAuts
     D:2: 1194 daAuts
     D:3: 836 daAuts
     D:1: 741 daAuts
     D:5: 55 daAuts

Table legend:
 A = Kills in this place as a percentage of kills in the entire game.
 B = Kills by you in this place as a percentage of kills by you in the entire game.
 C = Kills by friends in this place as a percentage of kills by friends in the entire game.
 D = Other kills in this place as a percentage of other kills in the entire game.
 E = Experience gained in this place as a percentage of experience gained in the entire game.
 F = Experience gained in this place divided by the number of levels of this place that you have seen.
                   A       B       C       D       E      F
               +-------+-------+-------+-------+-------+----------------------
         Total | 100.0 | 100.0 |   N/A |   N/A | 100.0 | 204.6
       Dungeon | 100.0 | 100.0 |   N/A |   N/A | 100.0 | 204.6
               +-------+-------+-------+-------+-------+----------------------
